 Dungeon Crawl Stone Soup version 0.29.1-1-gd02db6906a (webtiles) character file.

Game seed: 1956170747430907878

23 hawla the Gusty (level 3, 0/16 (26) HPs)
             Began as a Meteoran Air Elementalist on Oct 15, 2022.
             Killed by their own static electricity (1 damage)
             ... on level 2 of the Dungeon.
             The game lasted 00:02:28 (660 turns).

hawla the Gusty (Meteoran Air Elementalist)          Turns: 660, Time: 00:02:28

HP:   0/16 (26)     AC:  2    Str:  9    XL:     3   Next: 29%
MP:   4/8           EV: 13    Int: 18    God:
Gold: 29            SH:  0    Dex: 15    Spells: 5/8 levels left

rFire   . . .      SeeInvis .   (no weapon)
rCold   . . .      Faith    .   (no shield)
rNeg    . . .      Spirit   .   a - +0 robe
rPois   .          Reflect  .   (no helmet)
rElec   .          Harm     .   (no cloak)
rCorr   .          Rampage  .   (no gloves)
Will    .....                   (no boots)
Stlth   +.........              (no amulet)
HPRegen 0.05/turn               (no ring)
MPRegen 0.11/turn               (no ring)

@: lethally poisoned (0 -> -1), very slightly contaminated, glowing, very
heavily drained
A: sense surroundings 1, otherworldly, glowing, explore regen
a: no special abilities


You were on level 2 of the Dungeon.
You visited 1 branch of the dungeon, and saw 2 of its levels.

You collected 29 gold pieces.

Inventory:

Armour
 a - a +0 robe (worn)
Potions
 b - a potion of magic
 d - a potion of curing {unknown}


   Skills:
 + Level 2.8 Dodging
 - Level 1.4 Stealth
 + Level 3.2 Spellcasting
 + Level 1.4 Conjurations
 + Level 4.2 Air Magic


You had 5 spell levels left.
You knew the following spells:

 Your Spells              Type           Power      Damage    Failure   Level
a - Shock                 Conj/Air       52%        1d6       4%          1
b - Static Discharge      Conj/Air       13%        3-5/arc   8%          2

Your spell library contained the following spells:

 Spells                   Type           Power      Damage    Failure   Level
 Swiftness                Air            18%        N/A       9%          3
 Airstrike                Air            9%         2d(2-18)  26%         4


Dungeon Overview and Level Annotations

Branches:
Dungeon (2/15) Zot: 740

Altars:


Innate Abilities, Weirdness & Mutations

You passively map a small area around you.
You are easily found by Zot.
You glow in the dark.
You regain HP and MP as you explore.


Message History

The hobgoblin is struck by an arc of lightning.
You kill the hobgoblin!
The lightning grounds out.
The endoplasm freezes you.
You are frozen.
Casting: Static Discharge (safe; 8% risk of failure)
Confirm with . or Enter, or press ? or * to list all spells.
The endoplasm is struck by an arc of lightning!
You kill the endoplasm!
You are struck by an arc of lightning.
Casting: Static Discharge (safe; 8% risk of failure)
Confirm with . or Enter, or press ? or * to list all spells.
You miscast Static Discharge.
You are very lightly contaminated with residual magic.
Nothing appears to happen.
The adder bites you.
* * * LOW HITPOINT WARNING * * *
You are lethally poisoned!
The adder poisons you! The worm bites you but does no damage.
The adder bites you.
* * * LOW HITPOINT WARNING * * *
You feel much better.
You feel sick. The adder bites you. Magic courses through your body.
You feel sick. The adder bites you. The worm bites you!
Ouch! That really hurt!
* * * LOW HITPOINT WARNING * * *
Casting: Static Discharge (safe; 8% risk of failure)
Confirm with . or Enter, or press ? or * to list all spells.
The adder is struck by an arc of lightning.
The adder is heavily wounded.
The worm is struck by an arc of lightning.
The worm is lightly wounded.
The lightning grounds out.
* * * LOW HITPOINT WARNING * * *
You feel sick. The adder closely misses you.
Casting: Static Discharge (safe; 8% risk of failure)
Confirm with . or Enter, or press ? or * to list all spells.
The adder is struck by an arc of lightning.
The adder is severely wounded.
You are struck by an arc of lightning.
You die...

, , .., * ...
, ...., , , *
, ....########
...........# ,
, ...........#
,
.....>.....#,,
, *
#.....S@...# ,
,
......w....#,
* *
#.....†....# ,
,,
#..[.......#*
, #..........#
#..........#
#..........#
...........# *
....########


You could see a worm and an adder.

Vanquished Creatures
  4 bats (D:1)
  5 endoplasms
  A hobgoblin (D:2)
  4 jackals (D:1)
  2 ball pythons (D:1)
  A frilled lizard (D:2)
  2 kobolds (D:1)
  A rat (D:1)
20 creatures vanquished.

Notes
Turn   | Place    | Note
-------+----------+-------------------------------------------
     0 | D:1      | hawla the Meteoran Air Elementalist began the quest for the
                  | Orb.
     0 | D:1      | Reached XP level 1. HP: 14/14 MP: 5/5
   132 | D:1      | Reached XP level 2. HP: 20/20 MP: 3/6
   135 | D:1      | Learned a level 2 spell: Static Discharge
   145 | D:1      | Reached skill level 4 in Air Magic
   434 | D:1      | Reached XP level 3. HP: 21/26 MP: 2/8
   500 | D:1      | Glimpsed the power of Zot.
   550 | D:1      | Glimpsed the power of Zot.
   590 | D:1      | Glimpsed the power of Zot.
   599 | D:1      | Touched by the power of Zot.
   660 | D:2      | Killed from afar by themself

Illustrated notes

Levels and vault maps discovered:
D:1:      minmay_arrival_diagonal_passages, layout_basic
D:2:      layout_basic, hellmonk_ecumenical_altar_watching_god, uniq_sigmund

Skill      XL: |  1  2 |
---------------+-------+-----
Air Magic      | 4 |  4.2
Spellcasting   | 3 |  3.2
Dodging        | |  2.8
Stealth        | |  1.4
Conjurations   | |  1.4

Action                   || total
-------------------------++-------
Melee: Unarmed           ||     1
 Cast: Shock             ||    27
       Static Discharge  ||    10
  Use: Potion            ||     2
       Scroll            ||     1
Armor: Robe              ||     6
Dodge: Dodged            ||    15
